 Dungeon Crawl Stone Soup version bcrawl-1.19.2-6-g6a88ae04c9 (webtiles) character file.

Game seed: 9498597848795261289

2418 Mrkan the Basher (level 9, -9/118 HPs)
             Began as a Minotaur Fighter on Jan 7, 2020.
             Was a Believer of Nemelex Xobeh.
             Killed by divine providence
             ... invoked by an orc priest
              (17 damage)
             ... on level 7 of the Dungeon.
             The game lasted 00:07:34 (4190 turns).

Mrkan the Basher (Minotaur Fighter)                 Turns: 4190, Time: 00:07:35

Health: -9/118     AC: 31    Str: 22    XL:     9   Next: 24%
Magic:  8/8        EV:  2    Int:  5    God:    Nemelex Xobeh [**....]
Gold:   379        SH: 11    Dex: 14    Spells: 8/8 levels left

rFire    . . .     SeeInvis .   w - +4 mace (protect)
rCold    . . .     Gourm    .   c - +0 shield
rNeg     + + +     Faith    .   (armour currently unavailable)
rPois    +         Spirit   .   (helmet currently unavailable)
rElec    .         Reflect  .   (cloak currently unavailable)
rCorr    .         Harm     .   (gloves currently unavailable)
MR       +....     NoTele   +   (boots currently unavailable)
Stlth    +.........             (no amulet)
HPRegen  0.29/turn              j - +2 ring of strength
MPRegen  0.11/turn              l - ring of protection from magic

@: tree-form, protection aura
A: (retaliatory headbutt)
a: Draw Escape, Draw Destruction, Draw Summoning, Triple Draw, Renounce Religion


You were on level 7 of the Dungeon.
You worshipped Nemelex Xobeh.
Nemelex Xobeh was pleased with you.
You were not hungry.
You were a tree.
You visited 1 branch of the dungeon, and saw 7 of its levels.

You collected 379 gold pieces.

Inventory:

Hand Weapons
 w - a +4 mace of protection (weapon)
Armour
 c - a +0 shield (worn)
 t - a +0 chain mail (melded)
 u - a +2 cloak (melded)
 v - a +0 pair of gloves (melded)
 z - the +2 robe of the Seven Beggars {rElec rPois MP+9 Str+3 Int-2, unknown}
   (You found it on level 6 of the Dungeon)

   It affects your strength (+3).
   It affects your intelligence (-2).
   It insulates you from electricity.
   It protects you from poison.
   It affects your magic capacity (+9).
Jewellery
 b - an uncursed amulet of the gourmand {unknown}
 j - a +2 ring of strength (left branch)
 l - a ring of protection from magic (right branch)
Wands
 y - a wand of paralysis (10)
 D - a wand of clouds (7)
Scrolls
 e - 4 scrolls of identify
 g - 3 scrolls of remove curse
 i - a scroll of noise {unknown}
 k - a scroll of magic mapping {unknown}
 m - 2 scrolls of immolation {unknown}
 p - a scroll of enchant weapon {unknown}
 q - 5 scrolls of enchant armour {unknown}
 r - a scroll of blinking {unknown}
 s - 2 scrolls of amnesia {unknown}
Potions
 a - a potion of lignification
 d - 4 potions of might
 h - a potion of curing
 n - a potion of resistance
 o - a potion of ambrosia {unknown}
 x - a potion of berserk rage {unknown}
 A - a potion of mutation {unknown}
 B - a potion of flight {unknown}
 C - a potion of invisibility {unknown}
Comestibles
 f - 18 rations {!d}


   Skills:
 + Level 7.6 Fighting
 * Level 9.7 Maces & Flails
 + Level 7.6 Armour
 + Level 7.5 Shields


You had 8 spell levels left.
You didn't know any spells.
Your spell library was empty.

Dungeon Overview and Level Annotations

Branches:
Dungeon (7/12)             Temple (0/1) D:5            Lair (0/6) D:7

Altars:
Ashenzari
Hepliaklqana
Nemelex Xobeh
Ru
Sif Muna
Wu Jian

Shops:
D:5 :=**[

Annotations:
D:4 2 transporters
D:6 5 runed doors


Innate Abilities, Weirdness & Mutations

((You reflexively headbutt those who attack you in melee.))
((You have a pair of horns on your head.))


Message History

Unknown command.
You hit the basilisk.
The basilisk is lightly wounded.
You barely miss the basilisk.
The basilisk is lightly wounded.
The orc priest mumbles some strange prayers to Beogh against you.
Beogh smites you!
* * * LOW HITPOINT WARNING * * *
The basilisk gazes at you. You resist with almost no effort.
You thump the basilisk!
The basilisk is heavily wounded.
The basilisk bites you but does no damage.
You closely miss the basilisk.
The basilisk is heavily wounded.
The basilisk bites you but does no damage.
The orc priest calls down the wrath of Beogh upon you.
Beogh smites you!
You die...
Your body disappears without a glow.

# ##### .# #.#
########...##. ....##
#?...........
......##...........###
[...P.o#........)..#..
...%.Pol.>........##.#
.>.....o..oo...#.# #.#
.....Pno...oo###♣# #.#
.......####l## #l###.#####
......# #n# #n##.>....##
....## #.# #l##....§..##
..##...####†####o##..###≈≈≈≈
.# ........nl.oo......#≈###
..#.#####<#####.##..#
#.....# #.##### .....##..#
#.....#


You could see 2 basilisks, an orc warrior, a necrophage, an orc priest and an
orc wizard.

Vanquished Creatures
  An elephant (D:7)
  Sigmund (D:6)
  A yak (D:7)
  2 hungry ghosts (D:6)
  A crocodile (D:6)
  An ice beast (D:6)
  A sky beast (D:5)
  A necrophage (D:5)
  A centaur (D:5)
  2 ogres
  A bullfrog (D:6)
  Blork the orc (D:6)
  A wyvern zombie (D:6)
  2 scorpions
  A vampire bat (D:3)
  5 crimson imps
  2 centaur skeletons (D:4)
  2 hounds
  An orc wizard (D:5)
  3 worker ants
  5 adders
  2 shadow imps (D:5)
  An ooze (D:1)
  2 adder skeletons
  An adder zombie (D:5)
  A worm (D:2)
  A dart slug (D:2)
  5 leopard geckos
  25 orcs
  A ball python (D:1)
  7 bats
  3 goblins
  7 hobgoblins
  15 jackals
  2 quokkas
  3 frilled lizards
  11 kobolds
  2 rats
125 creatures vanquished.

Notes
Turn   | Place    | Note
-------+----------+-------------------------------------------
     0 | D:1      | Mrkan the Minotaur Fighter began the quest for the Orb.
     0 | D:1      | Reached XP level 1. HP: 19/19 MP: 0/0
   109 | D:1      | Reached XP level 2. HP: 27/27 MP: 1/1
   183 | D:1      | Reached skill level 3 in Maces & Flails
   589 | D:2      | Reached XP level 3. HP: 33/33 MP: 2/2
   638 | D:2      | Found a hazy altar of Hepliaklqana.
  1226 | D:3      | Reached skill level 4 in Maces & Flails
  1226 | D:3      | Reached XP level 4. HP: 38/40 MP: 3/3
  1273 | D:3      | Found a faded altar of an unknown god.
  1395 | D:3      | Found an ornate altar of the Wu Jian Council.
  1460 | D:3      | Reached XP level 5. HP: 39/47 MP: 4/4
  1852 | D:4      | Reached skill level 5 in Maces & Flails
  1928 | D:4      | Found a sparkling altar of Nemelex Xobeh.
  1931 | D:4      | Became a worshipper of Nemelex Xobeh the Trickster
  2063 | D:4      | Received a gift from Nemelex Xobeh
  2077 | D:4      | Reached XP level 6. HP: 49/55 MP: 5/5
  2092 | D:4      | Reached skill level 5 in Armour
  2248 | D:4      | Found a transporter.
  2332 | D:4      | Reached skill level 5 in Fighting
  2332 | D:4      | Reached skill level 5 in Shields
  2622 | D:4      | Found a transporter.
  2718 | D:5      | Entered Level 5 of the Dungeon
  2721 | D:5      | Reached skill level 6 in Maces & Flails
  2751 | D:5      | Found a staircase to the Ecumenical Temple.
  2754 | D:5      | Reached XP level 7. HP: 61/61 MP: 6/6
  2768 | D:5      | Reached * piety under Nemelex Xobeh
  2837 | D:5      | Found Yngidoav's Jewellery Boutique.
  2875 | D:5      | Found Odimmib's Assorted Antiques.
  2918 | D:5      | Found Lyacoan's Assorted Antiques.
  2951 | D:5      | Found a sacrificial altar of Ru.
  3022 | D:5      | Found Dyfyeluawk's Book Emporium.
  3075 | D:5      | Found Iwi Puwk's Antique Armour Shoppe.
  3099 | D:5      | Found a shattered altar of Ashenzari.
  3260 | D:5      | Reached skill level 7 in Maces & Flails
  3277 | D:5      | Found a shimmering blue altar of Sif Muna.
  3332 | D:6      | Noticed Blork the orc
  3348 | D:6      | Killed Blork the orc
  3413 | D:6      | Reached XP level 8. HP: 69/70 MP: 7/7
  3421 | D:6      | Found a runed gate.
  3423 | D:6      | Found a runed gate.
  3423 | D:6      | Found a runed gate.
  3434 | D:6      | Found a runed door.
  3444 | D:6      | Found the +9 staff of Olgreb {rPois}
  3446 | D:6      | Found a runed door.
  3527 | D:6      | Reached skill level 8 in Maces & Flails
  3839 | D:6      | Reached ** piety under Nemelex Xobeh
  3858 | D:6      | Reached skill level 9 in Maces & Flails
  4028 | D:6      | Got an ichor-stained robe
  4042 | D:6      | Noticed Sigmund
  4053 | D:6      | Killed Sigmund
  4135 | D:7      | Received a gift from Nemelex Xobeh
  4135 | D:7      | Noticed an elephant
  4137 | D:7      | Found a staircase to the Lair.
  4164 | D:7      | Killed an elephant
  4164 | D:7      | Reached XP level 9. HP: 18/79 MP: 8/8
  4190 | D:7      | Killed from afar by an orc priest

Skill      XL: |  1  2  3  4  5  6  7  8 |
---------------+-------------------------+-----
Maces & Flails | 3 4 5 6 7 9 |  9.7
Fighting       | 4 5 6 7 |  7.6
Armour         | 4 5 6 7 |  7.6
Shields        | 4 5 6 7 |  7.5

Action                   |  1- 3 |  4- 6 |  7- 9 || total
-------------------------+-------+-------+-------++-------
Melee: Flail             |    89 |   113 |       ||   202
       Headbutt          |    11 |    28 |    38 ||    77
       Mace              |       |    12 |   205 ||   217
  Use: Scroll            |       |     3 |       ||     3
       Potion            |       |       |     2 ||     2
 Stab: Paralysed         |       |       |     1 ||     1
  Eat: Chunk             |     1 |     5 |    10 ||    16
       Ration            |       |       |     1 ||     1
Armor: Scale mail        |    45 |    30 |       ||    75
       Chain mail        |       |    34 |    99 ||   133
       Skin              |       |       |     6 ||     6
Dodge: Dodged            |    31 |    28 |    31 ||    90
Block: Shield            |    51 |    64 |    96 ||   211
